 Dungeon Crawl Stone Soup version 0.13-a0-3016-gcb2faac (webtiles) character file.

3588 PolkaDot the Cloud Mage (level 9, -9/55 HPs)
             Began as a Vampire Wizard on Sept 14, 2013.
             Was a Follower of Sif Muna.
             Mangled by a vampire mosquito (11 damage)
             ... on Level 9 of the Dungeon.
             The game lasted 01:06:22 (10961 turns).

PolkaDot the Cloud Mage (Vampire Wizard)           Turns: 10961, Time: 01:06:52

HP  -9/55        AC  5     Str  6      XL: 9   Next: 69%
MP  39/44        EV 12     Int 23      God: Sif Muna [*.....]
Gold 298         SH  0     Dex 12      Spells:  3 memorised,  7 levels left

Res.Fire  : . . .   See Invis. : +   w - staff of power
Res.Cold  : . . .   Warding    : .   a - +0 robe
Life Prot.: . . .   Conserve   : .   (no shield)
Res.Poison: .       Res.Corr.  : .   b - +1 wizard hat
Res.Elec. : .       Clarity    : .   k - +0 cloak
Sust.Abil.: . .     Spirit.Shd : .   p - +0 pair of gloves
Res.Mut.  : .       Stasis     : .   (no boots)
Res.Rott. : .       Flight     : .   (no amulet)
Saprovore : . . .                    i - ring of magical power
                                     j - ring of flight

@: regenerating quickly, somewhat resistant to hostile enchantments, stealthy
A: bottle blood, fangs 3, see invisible, unbreathing
a: Bottle Blood, Channel Energy, Renounce Religion, Evoke Flight


You were on level 9 of the Dungeon.
You worshipped Sif Muna.
Sif Muna was pleased with you.
You were very full.

You visited 2 branches of the dungeon, and saw 10 of its levels.

You collected 301 gold pieces.
You spent 23 gold pieces at shops.

Inventory:

Hand weapons
 n - a +2,+0 spear of venom (quivered)
 u - the +3,+0 spear of Karma {pierce, +Rage +Inv Str+3 SInv}
   (You found it on level 8 of the Dungeon)

   It inflicts extra damage upon your enemies.
   It affects your strength (+3).
   It enhances your eyesight.
   It lets you turn invisible.
   It lets you go berserk.
Armour
 a - a +0 robe (worn)
 b - a +1 wizard hat (worn)
 k - a +0 cloak (worn)
 p - a +0 pair of gloves (worn)
Magical devices
 s - a wand of slowing (16)
 z - a wand of hasting (6)
Scrolls
 d - 2 scrolls of recharging
 e - 2 scrolls of enchant armour
 f - 4 scrolls of teleportation
 g - 5 scrolls of identify
 h - 3 scrolls of remove curse
 q - a scroll of enchant weapon II
 v - a scroll of enchant weapon I
 y - a scroll of immolation
Jewellery
 i - a ring of magical power (right hand)
 j - a ring of flight (left hand)
 t - an uncursed ring of teleportation
Potions
 l - 2 potions of speed
 m - 2 potions of restore abilities
 o - 2 potions of resistance
 r - a potion of curing
 x - 3 potions of blood
Books
 c - a book of Minor Magic

   Spells                             Type                      Level
   *Magic Dart                        Conjuration                  1
   Blink                              Translocation                2
   Call Imp                           Summoning                    2
   Repel Missiles                     Charms/Air                   2
   Slow                               Hexes                        2
   *Conjure Flame                     Conjuration/Fire             3
   *Mephitic Cloud                    Conjuration/Poison/Air       3
Magical staves
 w - an uncursed staff of power (weapon)


   Skills:
 - Level 2.1 Dodging
 - Level 3.0 Stealth
 - Level 3.0 Spellcasting
 - Level 6.6 Conjurations
   Level 1.0 Summonings
   Level 0.7 Translocations
 * Level 5.4 Fire Magic
 * Level 8.0 Air Magic
 + Level 1.8 Evocations


You had 7 spell levels left.
You knew the following spells:

 Your Spells              Type           Power        Failure   Level  Hunger
a - Magic Dart            Conj           ####         1%          1    None
d - Mephitic Cloud        Conj/Pois/Air  ####....     6%          3    ###....
s - Conjure Flame         Conj/Fire      ####....     3%          3    ###....


Dungeon Overview and Level Annotations

Branches:
Dungeon (9/27)             Temple (1/1) D:7             Orc (0/4) D:9
   Lair: D:8-13

Altars:
Ashenzari
Cheibriados
Elyvilon
Fedhas
Kikubaaqudgha
Makhleb
Nemelex Xobeh
Okawaru
Sif Muna
Trog
Vehumet
Xom
Yredelemnul
Zin
the Shining One

Shops:
D:5 *   D:6 [   D:8 =

Annotations:
D:7 Joseph


Innate Abilities, Weirdness & Mutations

Your natural rate of healing is unusually fast.
You can bottle blood from corpses.
You have razor-sharp teeth.*
You have supernaturally acute eyesight.
You can survive without breathing.*


Message History

Aim: a vampire mosquito (moving very quickly)
The magic dart hits the vampire mosquito.
The vampire mosquito is moderately damaged.
The vampire mosquito bites you!
The vampire mosquito draws strength from your injuries!
The vampire mosquito barely misses you. The vampire mosquito bites you!
* * * LOW HITPOINT WARNING * * *
Casting: Magic Dart
Confirm with . or Enter, or press ? or * to list all spells.
Aiming: Magic Dart
Press: ? - help, Shift-Dir - straight line, f/p - vampire mosquito
Aim: a vampire mosquito (moving very quickly)
The magic dart hits the vampire mosquito.
The vampire mosquito is lightly damaged.
The vampire mosquito closely misses you.
The vampire mosquito bites you!
* * * LOW HITPOINT WARNING * * *
The vampire mosquito draws strength from your injuries!
The vampire mosquito bites you!
You die...

..............≈...(.
.............≈≈§.....
..............≈.......
...........)...........
...%....................
.%......................
........................
........).......y........
................@.≈......
.............(...§≈≈.....
..................≈.....
..........(..)..........
........................
........................
.....................%..
........................
.......).................


You could see a vampire mosquito.

Vanquished Creatures
  A two-headed ogre (D:9)
  A hill giant zombie (D:8)
  A hungry ghost (D:9)
  Edmund (D:4)
  Menkaure (D:4)
  An orc warrior (D:9)
  An ice beast (D:7)
  2 crocodiles (D:8)
  2 ogres
  A phantom (D:5)
  A centaur (D:7)
  A big kobold (D:7)
  3 giant frogs
  2 gnoll sergeants (D:7)
  2 crimson imps (D:5)
  A water moccasin zombie (D:7)
  4 jellies
  7 orc wizards
  2 orc priests
  7 hounds
  A giant frog zombie (D:5)
  3 gnoll shamans (D:7)
  2 scorpions
  4 iguanas
  6 worker ants
  Ijyb (D:2)
  Jessica (D:1)
  2 sky beast zombies
  Terence (D:2)
  13 gnolls
  6 adders
  6 worms
  A scorpion zombie (D:7)
  5 giant geckos
  An ooze (D:7)
  34 orcs
  22 bats
  4 giant cockroaches
  18 hobgoblins
  13 jackals
  19 kobolds
  3 quokkas
  A ball python (D:1)
  A giant gecko skeleton (D:5)
  5 giant newts
  A gnoll zombie (D:5)
  12 goblins
  A hobgoblin zombie (D:5)
  An orc skeleton (D:4)
  11 rats
  A rat skeleton (D:5)
  A rat zombie (D:5)
243 creatures vanquished.

Notes
Turn   | Place    | Note
--------------------------------------------------------------
     0 | D:1      | PolkaDot, the Vampire Wizard, began the quest for the Orb.
     0 | D:1      | Reached XP level 1. HP: 11/11 MP: 6/6
   106 | D:1      | Reached skill level 1 in Conjurations
   284 | D:1      | Reached XP level 2. HP: 10/17 MP: 0/8
   944 | D:1      | Reached XP level 3. HP: 3/22 MP: 0/10
  1097 | D:2      | Noticed Terence
  1135 | D:2      | Noticed Jessica
  1211 | D:2      | Learned a level 3 spell: Conjure Flame
  1215 | D:2      | Learned a level 3 spell: Mephitic Cloud
  1226 | D:1      | Killed Jessica
  1533 | D:2      | Noticed Ijyb
  1677 | D:3      | Reached XP level 4. HP: 28/28 MP: 9/12
  1699 | D:3      | Reached skill level 1 in Air Magic
  1827 | D:3      | Reached XP level 5. HP: 33/33 MP: 4/13
  3013 | D:2      | Killed Ijyb
  3354 | D:2      | Killed Terence
  3486 | D:2      | Reached skill level 4 in Conjurations
  3657 | D:2      | Reached XP level 6. HP: 39/39 MP: 5/15
  3827 | D:4      | Noticed Menkaure
  3838 | D:4      | Killed Menkaure
  4214 | D:4      | Noticed Edmund
  4520 | D:4      | Reached XP level 7. HP: 44/44 MP: 9/17
  4702 | D:4      | Reached skill level 5 in Conjurations
  4789 | D:4      | Killed Edmund
  5395 | D:5      | Entered Level 5 of the Dungeon
  5606 | D:5      | Found a white marble altar of Elyvilon.
  5606 | D:5      | Found a basalt altar of Yredelemnul.
  5930 | D:5      | Reached XP level 8. HP: 50/50 MP: 14/18
  6098 | D:5      | Found Yggeomuu's General Store.
  6377 | D:5      | Reached skill level 6 in Conjurations
  6387 | D:5      | Reached skill level 1 in Fire Magic
  6387 | D:5      | Reached skill level 5 in Air Magic
  6912 | D:6      | Found Curauz's Armour Emporium.
  6918 | D:6      | Bought a +0 pair of gloves for 23 gold pieces
  7779 | D:7      | Noticed Joseph
  8643 | D:7      | Reached XP level 9. HP: 55/55 MP: 19/19
  8893 | D:7      | Found a staircase to the Ecumenical Temple.
  8905 | Temple   | Entered the Ecumenical Temple
  9576 | D:8      | Found Giochegh's Jewellery Shop.
  9623 | D:8      | Reached skill level 7 in Air Magic
 10061 | D:8      | Found a deep blue altar of Sif Muna.
 10075 | D:8      | Became a worshipper of Sif Muna the Loreminder
 10134 | D:8      | Got a crystal spear
 10135 | D:8      | Identified the cursed spear of Karma {pierce, +Rage +Inv Str+3 SInv} (You found it on level 8 of the Dungeon)
 10593 | D:9      | Reached skill level 5 in Fire Magic
 10593 | D:9      | Reached skill level 1 in Evocations
 10809 | D:9      | Acquired Sif Muna's first power
 10809 | D:9      | Reached skill level 8 in Air Magic
 10896 | D:9      | Found a staircase to the Orcish Mines.
 10961 | D:9      | HP: 2/55 [vampire mosquito (9)]
 10961 | D:9      | Mangled by a vampire mosquito

Action                   |  1- 3 |  4- 6 |  7- 9 || total
-------------------------+-------+-------+-------++-------
Melee: Unarmed           |     6 |       |       ||     6
       Dagger            |    36 |   164 |    67 ||   267
       Spear             |       |       |    94 ||    94
       Staff             |       |       |     4 ||     4
 Cast: Magic Dart        |    87 |   156 |   460 ||   703
       Mephitic Cloud    |       |    13 |    20 ||    33
       Conjure Flame     |       |     1 |    38 ||    39
 Abil: Evoke Flight      |       |     1 |       ||     1
       Bottle Blood      |       |       |     4 ||     4
Evoke: Wand              |       |       |     1 ||     1
  Use: Potion            |     1 |     2 |     6 ||     9
       Scroll            |       |     4 |    19 ||    23
 Stab: Sleeping          |     1 |     1 |     3 ||     5
       Confused          |       |    20 |     4 ||    24
